 Dungeon Crawl Stone Soup version 0.28.0 (webtiles) character file.

Game seed: 14147520785021078865

32 bromine the Firebug (level 3, 0/31 HPs)
             Began as a Troll Fire Elementalist on Feb 10, 2022.
             Slain by a scorpion (4 damage)
             ... on level 2 of the Dungeon.
             The game lasted 00:07:38 (1368 turns).

bromine the Firebug (Troll Fire Elementalist)       Turns: 1368, Time: 00:07:38

Health: 0/31       AC:  4    Str: 24    XL:     3   Next: 8%
Magic:  0/4        EV: 10    Int: 11    God:
Gold:   42         SH:  0    Dex: 10    Spells: 1/4 levels left

rFire   . . .      SeeInvis .   d - +0 short sword
rCold   . . .      Faith    .   (no shield)
rNeg    . . .      Spirit   .   a - +0 robe
rPois   .          Reflect  .   (helmet restricted)
rElec   .          Harm     .   (no cloak)
rCorr   .          Rampage  .   (gloves unavailable)
Will    .....                   (boots unavailable)
Stlth   +.........              (no amulet)
HPRegen 0.90/turn               e - +6 ring of strength
MPRegen 0.09/turn               (no ring)

@: lethally poisoned (0 -> -4)
A: large, unfitting armour, claws 3, regeneration 1, shaggy fur 1, tough skin 1
a: no special abilities


You were on level 2 of the Dungeon.
You visited 1 branch of the dungeon, and saw 2 of its levels.

You collected 42 gold pieces.

Inventory:

Hand Weapons
 d - a +0 short sword (weapon)
Armour
 a - a +0 robe (worn)
Jewellery
 b - a +4 ring of protection
 e - a +6 ring of strength (left claw)
Potions
 c - a potion of berserk rage {unknown}


   Skills:
 + Level 0.2 Fighting
 + Level 0.3 Short Blades
 + Level 1.9 Dodging
 + Level 1.0 Stealth
 + Level 1.4 Spellcasting
 + Level 0.6 Conjurations
 + Level 2.7 Fire Magic


You had one spell level left.
You knew the following spells:

 Your Spells              Type           Power      Damage    Failure   Level
a - Foxfire               Conj/Fire      16%        2x1d4     16%         1
b - Scorch                Fire           12%        2d6       16%         2

Your spell library contained the following spells:

 Spells                   Type           Power      Damage    Failure   Level
 Conjure Flame            Conj/Fire      4%         6-21      43%         3
 Inner Flame              Hex/Fire       3%         N/A       47%         3
 Flame Wave               Conj/Fire      4%         2d5       83%         4


Dungeon Overview and Level Annotations

Branches:
Dungeon (2/15)

Altars:


Innate Abilities, Weirdness & Mutations

You are too large for most types of armour.
You have claws for hands.
Your natural rate of healing is unusually fast.
You are covered in fur. (AC +1)
You have tough skin. (AC +1)


Message History

The hobgoblin hits you but does no damage.
The scorpion stings you but does no damage.
You hit the scorpion but do no damage.
The scorpion is moderately wounded.
The adder barely misses you. The goblin hits you but does no damage.
The scorpion barely misses you. The hobgoblin barely misses you.
You closely miss the scorpion.
The scorpion is lightly wounded.
The scorpion is no longer more vulnerable to fire.
The adder bites you but does no damage. The scorpion stings you.
The goblin hits you with a +0 dagger. The hobgoblin misses you.
The adder barely misses you.
You hit the scorpion but do no damage.
The scorpion is lightly wounded.
The scorpion stings you but does no damage.
The goblin hits you with a +0 dagger.
The hobgoblin hits you but does no damage.
The adder bites you.
You hit the scorpion.
The scorpion is moderately wounded.
The scorpion stings you!
* * * LOW HITPOINT WARNING * * *
You are poisoned.
The scorpion poisons you! The adder bites you.
* * * LOW HITPOINT WARNING * * *
You are more poisoned.
The adder poisons you! The goblin closely misses you.
The hobgoblin hits you but does no damage.
The scorpion closely misses you.
Casting: Scorch (safe; 16% risk of failure)
Confirm with . or Enter, or press ? or * to list all spells.
Flames lash the goblin.
You kill the goblin!
* * * LOW HITPOINT WARNING * * *
You feel very sick. The bat barely misses you.
The adder bites you but does no damage. The hobgoblin hits you.
* * * LOW HITPOINT WARNING * * *
The scorpion stings you.
You die...

## . .### ... ..#
#.# #. #s# ..
###@###.##.
#.Sg)......
#..bw...### .
#.#.###.# .
#######.#...##..
. ###
..>........#..#.#
. ...
#####...##.## .
.###.### #...##.
.......# #.##..#


You could see a worm, a scorpion, an adder, a hobgoblin and a bat.

Vanquished Creatures
  An adder skeleton (D:2)
  A dart slug (D:1)
  2 ball pythons (D:1)
  An endoplasm (D:1)
  A giant cockroach (D:1)
  3 goblins
  2 hobgoblins (D:1)
  6 kobolds (D:1)
  2 quokkas (D:1)
  3 bats
  3 frilled lizards
25 creatures vanquished.

Vanquished Creatures (others)
  4 foxfires (D:1)
4 creatures vanquished.

Grand Total: 29 creatures vanquished

Notes
Turn   | Place    | Note
-------+----------+-------------------------------------------
     0 | D:1      | bromine the Troll Fire Elementalist began the quest for the
                  | Orb.
     0 | D:1      | Reached XP level 1. HP: 16/16 MP: 1/1
   245 | D:1      | Reached XP level 2. HP: 24/24 MP: 2/2
   249 | D:1      | Learned a level 2 spell: Scorch
   414 | D:1      | Found a faded altar of an unknown god.
  1257 | D:2      | Reached XP level 3. HP: 31/31 MP: 1/4
  1354 | D:2      | Noticed a scorpion
  1368 | D:2      | Slain by a scorpion

Illustrated notes

Levels and vault maps discovered:
D:1:      minmay_arrival_diagonal_passages, layout_basic,
          hellmonk_ecumenical_altar_heavens_door
D:2:      minmay_wonky_spiral, layout_loops_ring, minmay_pentomino_pile

Action                   || total
-------------------------++-------
Melee: Short sword       ||   123
       Unarmed           ||     7
 Cast: Foxfire           ||     3
       Scorch            ||     7
  Use: Scroll            ||     3
Armor: Robe              ||   102
Dodge: Dodged            ||   112
